 Dungeon Crawl Stone Soup version 0.24-a0-285-g3c078ff (webtiles) character file.

Game seed: 5741426879545631235

873409 mopl the Formicid Arbalest (level 27, -2/237 HPs)
             Began as a Formicid Hunter on Apr 19, 2019.
             Was the Champion of Okawaru.
             Killed from afar by a Hell Sentinel (31 damage)
             ... with damnation
             ... in Pandemonium on May 7, 2019.
             The game lasted 03:55:17 (78159 turns).

mopl the Formicid Arbalest (Formicid Hunter)       Turns: 78159, Time: 03:55:18

Health: -2/237     AC: 47    Str: 26    XL:     27
Magic:  25/25      EV: 25    Int: 13    God:    Okawaru [******]
Gold:   7469       SH: 26    Dex: 21    Spells: 10/26 levels left

rFire    + + +     SeeInvis +   a - +9 triple crossbow (freeze)
rCold    + + .     Gourm    .   M - +4 large shield "Quicwir" {rF++ Slay+6}
rNeg     . . .     Faith    .   Y - +12 gold dragon scales
rPois    +         Spirit   .   (helmet unavailable)
rElec    +         Reflect  .   G - +2 cloak {MR+}
rCorr    .         Harm     .   L - +2 pair of gloves
MR       +++..                  i - +1 pair of boots of Bessalae {rElec rC+ MP-9 Dex+6}
Stlth    ..........             n - amulet of regeneration
HPRegen  0.89/turn              z - +4 ring of slaying {=R}
MPRegen  0.19/turn              v - +5 ring of evasion

@: studying Air Magic
A: permanent stasis, dig shafts and tunnels, four strong arms, antennae 3, agile
1, blurry vision 1, fire resistance 1, screaming 1, subdued magic 1
}: 7/15 runes: decaying, slimy, silver, magical, fiery, dark, gossamer
a: Dig, Shaft Self, Heroism, Finesse, Renounce Religion


You were in Pandemonium.
You worshipped Okawaru.
Okawaru was exalted by your worship.
You were not hungry.

You visited 12 branches of the dungeon, and saw 58 of its levels.
You visited Pandemonium 1 time, and saw 10 of its levels.
You visited the Abyss 1 time.
You also visited: Bailey, Ice Cave and Wizlab.

You collected 10272 gold pieces.
You spent 2803 gold pieces at shops.

Inventory:

Hand Weapons
 a - a +9 triple crossbow of freezing (weapon)
 b - the +7 lajatang of Order {silver, rMut}
   (You bought it in a shop on level 2 of the Elven Halls)

   It protects you from mutation.
 o - a +4 triple sword of venom
 q - the +6 sword of Cerebov {flame}
   (You took it off Cerebov in Pandemonium)

   It has been specially enchanted to burn those struck by it, causing extra
   injury to most foes and up to half again as much damage against particularly
   susceptible opponents.
   Big, fiery blades are also staple armaments of hydra-hunters.
 u - a +9 lajatang of speed
 y - the +8 arbalest of Ascent {penet, rPois Str+2 Dex-4}
   (Okawaru gifted it to you on level 5 of the Pits of Slime)

   Ammo fired by it will pass through the targets it hits, potentially hitting
   all targets in its path until it reaches maximum range.
   It affects your strength (+2).
   It affects your dexterity (-4).
   It protects you from poison.
Missiles
 d - 2246 bolts (quivered)
 J - 2 throwing nets
Armour
 i - the +1 pair of boots of Bessalae (worn) {rElec rC+ MP-9 Dex+6}
   (You acquired it on level 1 of the Lair of Beasts)

   It affects your dexterity (+6).
   It protects you from cold.
   It insulates you from electricity.
   It affects your magic capacity (-9).
 G - a +2 cloak of magic resistance (worn)
 L - a +2 pair of gloves (worn)
 M - the +4 large shield "Quicwir" (worn) {rF++ Slay+6}
   (Okawaru gifted it to you on level 3 of the Elven Halls)

   It affects your accuracy and damage with ranged weapons and melee attacks
   (+6).
   It greatly protects you from fire.
 V - a +2 pair of boots of flying
 Y - +12 gold dragon scales (worn)
Jewellery
 n - an amulet of regeneration (around neck)
 v - a +5 ring of evasion (right hand)
 z - a +4 ring of slaying (left hand) {=R}
Wands
 g - a wand of clouds (7)
 t - a wand of acid (34)
 x - a wand of digging (25)
 W - a wand of iceblast (15)
Scrolls
 c - 7 scrolls of magic mapping
 h - 45 scrolls of remove curse
 l - 3 scrolls of fog
 m - 3 scrolls of identify
 w - 4 scrolls of vulnerability
 B - 13 scrolls of fear
 I - 4 scrolls of silence {!r}
 T - 2 scrolls of summoning
 Z - 5 scrolls of holy word
Potions
 e - 9 potions of mutation {!q}
 j - 18 potions of agility
 k - 9 potions of ambrosia
 p - 6 potions of might
 s - 25 potions of curing
 C - 12 potions of heal wounds
 F - 5 potions of cancellation
 H - 10 potions of flight
 K - 2 potions of invisibility
 O - 11 potions of lignification {!q}
 P - 7 potions of magic
 R - 5 potions of resistance
Books
 D - a manual of Air Magic
Miscellaneous
 r - a phial of floods
 A - 3 sacks of spiders
 E - the horn of Geryon
 N - a lightning rod (4/4)
 Q - 5 phantom mirrors
 S - a box of beasts
 U - a lamp of fire
 X - a fan of gales
Comestibles
 f - 85 rations


   Skills:
 + Level 23.8 Fighting
 - Level 14.0 Staves
 O Level 27 Crossbows
 + Level 23.5 Armour
 + Level 20.4 Dodging
 - Level 1.2 Stealth
 - Level 15.0 Shields
 - Level 12.0 Hexes
 + Level 9.5 Charms
 + Level 7.0 Summonings
 - Level 8.0 Necromancy
 - Level 12.0 Translocations
 + Level 7.2 Air Magic
 - Level 15.0 Invocations
 - Level 10.0 Evocations


You had 10 spell levels left.
You knew the following spells:

 Your Spells              Type           Power        Failure   Level  Hunger
a - Apportation           Tloc           ###...       1%          1    ##.....
b - Aura of Abjuration    Summ           ##........   99%         5    ######.
c - Corpse Rot            Necr           N/A          14%         2    ###....
f - Portal Projectile     Hex/Tloc       ###...       4%          3    ####...
n - Swiftness             Chrm/Air       ###.....     12%         2    ###....
r - Regeneration          Chrm/Necr      ###.......   21%         3    ####...

Your spell library contained the following spells:

 Spells                   Type           Power        Failure   Level  Hunger
 Confusing Touch          Hex            ###...       1%          1    ##.....
 Corona                   Hex            ###....      1%          1    ##.....
 Slow                     Hex            ###.....     2%          2    ###....
 Infusion                 Chrm           ###.         4%          1    ##.....
 Shroud of Golubria       Chrm/Tloc      ###.......   4%          2    ###....
 Confuse                  Hex            ###.....     4%          3    ####...
 Gell's Gravitas          Tloc           ###.......   4%          3    ####...
 Lesser Beckoning         Tloc           ###.......   4%          3    ####...
 Teleport Other           Tloc           ###.....     4%          3    ####...
 Tukima's Dance           Hex            ###.....     4%          3    ####...
 Song of Slaying          Chrm           ###.....     7%          2    ###....
 Animate Skeleton         Necr           N/A          9%          1    ##.....
 Pain                     Necr           ###.         9%          1    ##.....
 Spectral Weapon          Hex/Chrm       ###.....     9%          3    ####...
 Summon Small Mammal      Summ           ##..         14%         1    ##.....
 Sublimation of Blood     Necr           ###.......   14%         2    ###....
 Recall                   Summ/Tloc      N/A          16%         3    ####...
 Summon Guardian Golem    Hex/Summ       ###.....     16%         3    ####...
 Cause Fear               Hex            ###.......   19%         4    #####..
 Passage of Golubria      Tloc           N/A          19%         4    #####..
 Call Imp                 Summ           ##......     22%         2    ###....
 Vampiric Draining        Necr           ###.......   28%         3    ####...
 Ensorcelled Hibernation  Hex/Ice        ##....       32%         2    ###....
 Call Canine Familiar     Summ           ##......     41%         3    ####...
 Shock                    Conj/Air       #...         52%         1    ##.....
 Dazzling Spray           Conj/Hex       ##....       54%         3    ####...
 Inner Flame              Hex/Fire       ##......     54%         3    ####...
 Poisonous Vapours        Pois/Air       #.....       67%         2    ###....
 Animate Dead             Necr           N/A          69%         4    #####..
 Airstrike                Air            ##........   80%         4    #####..
 Summon Lightning Spire   Summ/Air       ##......     82%         4    #####..
 Silence                  Hex/Air        ###.......   82%         5    ######.
 Summon Forest            Summ/Tloc      ###.......   83%         5    ######.
 Summon Mana Viper        Hex/Summ       ###.....     83%         5    ######.
 Static Discharge         Conj/Air       #.......     88%         3    ####...
 Excruciating Wounds      Chrm/Necr      ###.......   90%         5    ######.
 Force Lance              Conj/Tloc      ##......     92%         4    #####..
 Fulminant Prism          Conj/Hex       ##........   92%         4    #####..
 Leda's Liquefaction      Hex/Erth       ##........   92%         4    #####..
 Beastly Appendage        Tmut           #.....       95%         1    ##.....
 Flame Tongue             Conj/Fire      #....        95%         1    ##.....
 Freeze                   Ice            #...         95%         1    ##.....
 Magic Dart               Conj           #...         95%         1    ##.....
 Sandblast                Erth           #.....       95%         1    ##.....
 Sting                    Conj/Pois      #...         95%         1    ##.....
 Agony                    Necr           ###.....     96%         5    ######.
 Dispel Undead            Necr           ###.....     96%         5    ######.
 Darkness                 Hex            ###.......   96%         6    #######
 Dispersal                Tloc           ###.......   96%         6    #######
 Mephitic Cloud           Conj/Pois/Air  #.......     97%         3    ####...
 Passwall                 Tmut/Erth      #.......     99%         2    ###....
 Searing Ray              Conj           #.....       99%         2    ###....
 Sticks to Snakes         Tmut           #.......     99%         2    ###....
 Throw Flame              Conj/Fire      #.....       99%         2    ###....
 Summon Demon             Summ           ##........   99%         5    ######.
 Conjure Flame            Conj/Fire      #.......     100%        3    ####...
 Ignite Poison            Fire/Tmut/Pois #.......     100%        3    ####...
 Spider Form              Tmut/Pois      #.........   100%        3    ####...
 Stone Arrow              Conj/Erth      #.....       100%        3    ####...
 Ice Form                 Ice/Tmut       #.......     100%        4    #####..
 Iskenderun's Mystic Bla  Conj           #.......     100%        4    #####..
 Olgreb's Toxic Radiance  Pois           #.......     100%        4    #####..
 Petrify                  Tmut/Erth      #.......     100%        4    #####..
 Sticky Flame             Conj/Fire      #.......     100%        4    #####..
 Summon Ice Beast         Ice/Summ       #.......     100%        4    #####..
 Alistair's Intoxication  Tmut/Pois      #.......     100%        5    ######.
 Blade Hands              Tmut           #.........   100%        5    ######.
 Bolt of Draining         Conj/Necr      #.........   100%        5    ######.
 Borgnjor's Vile Clutch   Necr/Erth      #.........   100%        5    ######.
 Fireball                 Conj/Fire      #.........   100%        5    ######.
 Irradiate                Conj/Tmut      #.........   100%        5    ######.
 Iskenderun's Battlesphe  Conj/Chrm      #.......     100%        5    ######.
 Lee's Rapid Deconstruct  Erth           #.........   100%        5    ######.
 Lightning Bolt           Conj/Air       #.........   100%        5    ######.
 Metabolic Englaciation   Hex/Ice        ##........   100%        5    ######.
 Venom Bolt               Conj/Pois      #.........   100%        5    ######.
 Yara's Violent Unravell  Hex/Tmut       ##........   100%        5    ######.
 Bolt of Cold             Conj/Ice       #.........   100%        6    #######
 Bolt of Fire             Conj/Fire      #.........   100%        6    #######
 Conjure Ball Lightning   Conj/Air       #.........   100%        6    #######
 Death Channel            Necr           ###.......   100%        6    #######
 Deflect Missiles         Chrm/Air       ###.......   100%        6    #######
 Freezing Cloud           Conj/Ice/Air   #.........   100%        6    #######
 Hydra Form               Tmut           #.........   100%        6    #######
 Iron Shot                Conj/Erth      #.........   100%        6    #######
 Ozocubu's Refrigeration  Ice            #.........   100%        6    #######
 Shadow Creatures         Summ           N/A          100%        6    #######
 Simulacrum               Ice/Necr       #.........   100%        6    #######
 Statue Form              Tmut/Erth      #........    100%        6    #######
 Dragon Form              Tmut           #.........   100%        7    #######
 Haunt                    Necr/Summ      ###.......   100%        7    #######
 Orb of Destruction       Conj           #.........   100%        7    #######
 Spellforged Servitor     Conj/Summ      #.........   100%        7    #######
 Summon Hydra             Summ           ##........   100%        7    #######
 Borgnjor's Revivificati  Necr           ###.......   100%        8    #######
 Death's Door             Chrm/Necr      ###.......   100%        8    #######
 Discord                  Hex            ###.......   100%        8    #######
 Disjunction              Tloc           ###.......   100%        8    #######
 Infestation              Necr           ###.......   100%        8    #######
 Necromutation            Tmut/Necr      #.........   100%        8    #######
 Dragon's Call            Summ           ##........   100%        9    #######
 Shatter                  Erth           #.........   100%        9    #######
 Blink                    Tloc           Unusable     N/A         2    N/A
 Controlled Blink         Tloc           Unusable     N/A         8    N/A

Dungeon Overview and Level Annotations

Branches:
Dungeon (15/15)            Temple (0/1) D:5            Lair (6/6) D:11
  Swamp (4/4) Lair:4       Spider (4/4) Lair:3        Slime (5/5) Lair:5
    Orc (2/2) D:12            Elf (3/3) Orc:2        Vaults (5/5) D:14
  Crypt (3/3) Vaults:2       Tomb (0/3) Crypt:3      Depths (5/5) D:15
   Hell (1/1)                 Dis (0/7) Hell            Geh (0/7) Hell
    Coc (0/7) Hell            Tar (0/7) Hell            Zot (5/5) Depths:5

Altars:
Hepliaklqana
Kikubaaqudgha
Okawaru
Qazlal
Sif Muna
Trog
Uskayaw
Vehumet
Wu Jian
Yredelemnul
Zin

Shops:
D:5 (   D:9 *   D:11 }   D:12 %   Orc:2 ??!:   Elf:2 %(*   Vaults:4 (
Depths:3 :=

Portals:
Hell: Depths:1 Depths:2 Depths:3 Depths:4 Depths:5
Abyss: Depths:2 Depths:4
Pandemonium: Depths:1 Depths:3
Ziggurat: Depths:2


Innate Abilities, Weirdness & Mutations

You cannot be hasted, slowed, berserked, paralysed or teleported.
You can dig through walls and to a lower floor.
Your four strong arms can wield two-handed weapons with a shield.
You have a pair of large antennae on your head. (SInv)
You are agile. (Dex +2)
Scrolls take you a little longer to read.
Your flesh is heat resistant. (rF+)
You occasionally shout uncontrollably at your foes.
Your spells are a little easier to cast, but a little less powerful.


Message History

The sphere of damnation explodes!
The damnation engulfs you!!
* * * LOW HITPOINT WARNING * * *
The damnation engulfs the Hell Sentinel.
The Hell Sentinel completely resists.
Firing (i - inventory. (/) - cycle)
d - 2248 bolts (quivered)
Press: ? - help, Shift-Dir - straight line, f/p - Hell Sentinel
Aim: a Hell Sentinel (heavily wounded)
You shoot a bolt. The bolt hits the Hell Sentinel!
The Hell Sentinel is severely wounded.
You block the Hell Sentinel's attack.
The Hell Sentinel hits you but does no damage.
Unknown command.
Firing (i - inventory. (/) - cycle)
d - 2247 bolts (quivered)
Press: ? - help, Shift-Dir - straight line, f/p - Hell Sentinel
Aim: a Hell Sentinel (severely wounded)
You shoot a bolt. The bolt hits the Hell Sentinel!
The Hell Sentinel is severely wounded.
The Hell Sentinel gestures at you.
The sphere of damnation explodes!
The damnation engulfs you!!
You die...

.....§§§§§§.........##.........
.......#342)..)...(####........
........§...#)..)..[.##.....##.
.......1..§.#........##.....# #
...........#.....)...####..∩#
.....(.....##.{{###### ####
(..........###{## .#...#...#
##1# ....##### #@## ... ###


You could see a Hell Sentinel.

Vanquished Creatures
  Cerebov (Pan)
  the Royal Jelly (Slime:5)
  Gloorx Vloq (Pan)
  Lom Lobon (Pan)
  3 orbs of fire (Zot:5)
  Mara (Vaults:2)
  6 ancient liches
  A juggernaut (Depths:2)
  Boris (thrice) (Depths:4 Vaults:5 Crypt:2)
  Sojobo (Vaults:2)
  Frederick (Vaults:2)
  Xtahua (Vaults:3)
  Bai Suzhen (Swamp:4)
  4 Killer Klowns (Zot:5)
  Saint Roka (Vaults:3)
  2 curse toes
  Margery (Vaults:3)
  Geryon (Hell)
  The ghost of Kiomaefoor the Hoplite, a master VSFi of Hepliaklqana (Zot:2)
  Nikola (Swamp:3)
  9 golden dragons
  the Enchantress (Depths:3)
  2 bone dragons
  5 electric golems
  6 Tzitzimimeh (Pan)
  3 Brimstone Fiends (Pan)
  16 tentacled monstrosities
  A hellephant (Abyss:2)
  3 liches
  An Ice Fiend (Pan)
  4 Hell Sentinels (Pan)
  3 deep elf blademasters
  25 Orb Guardians (Zot:5)
  5 quicksilver dragons
  Murray (Hell)
  13 titans
  2 deep elf master archers (Elf:3)
  9 acid blobs
  Kirke (Swamp:3)
  2 sphinxes
  A thorn hunter (Swamp:4)
  11 ancient champions
  11 death cobs
  13 Executioners (Pan)
  10 shadow dragons
  4 tentacled starspawn
  Donald (Swamp:3)
  8 tengu reavers
  A pandemonium lord (Pan)
  13 storm dragons
  5 revenants
  7 azure jellies
  4 draconian monks
  10 frost giants
  9 deep elf sorcerers
  6 fire giants
  19 balrugs
  4 draconian knights
  4 iron dragons
  5 draconian shifters
  6 ghost moths
  3 cacodemons
  5 black suns (Pan)
  Aizul (Vaults:4)
  10 vault wardens
  A caustic shrike zombie (Crypt:3)
  5 draconian stormcallers
  6 draconian scorchers
  7 deep elf elementalists
  2 orc warlords
  4 curse skulls
  7 emperor scorpions (Spider:4)
  13 reapers
  13 ghouls
  4 warmongers (Pan)
  14 ironheart preservers
  11 draconian annihilators
  26 very ugly things
  6 spriggan defenders
  A war gargoyle (Hell)
  17 stone giants
  2 blood saints (Pan)
  12 vampire knights
  5 entropy weavers
  7 green draconians
  3 deep elf demonologists (Elf:3)
  7 deep elf annihilators
  The ghost of gruber the Grappler, a journeyman TrBe of Trog (D:14)
  16 purple draconians
  4 corrupters (Pan)
  13 yellow draconians
  6 lorocyprocas (Pan)
  Azrael (Spider:2)
  7 black draconians
  16 red draconians
  5 spark wasps
  7 eidola
  6 white draconians
  9 deep elf death magi
  9 statues (WizLab)
  2 quicksilver dragon zombies (Crypt:3)
  7 blizzard demons
  8 green deaths
  A merfolk impaler (Depths:2)
  A merfolk javelineer (Depths:1)
  4 crystal guardians (Depths:3)
  A spectral golden dragon (Zot:2)
  28 ettins
  8 death oozes
  2 mummy priests (Crypt:3)
  11 deep elf high priests
  13 jiangshi
  9 fire dragons
  15 hydras
  20 yaktaur captains
  6 rakshasas
  8 great orbs of eyes
  18 ice dragons
  28 vault guards
  2 spriggan air magi
  7 monstrous demonspawn (Pan)
  2 kraken zombies (Hell)
  2 catoblepae
  A ghost crab (Swamp:3)
  A hell beast (Pan)
  A shambling mangrove (Swamp:4)
  A spectral draconian (Zot:2)
  12 centaur warriors
  18 alligators
  2 death knights
  A satyr (shapeshifter) (Vaults:5)
  A two-headed ogre (shapeshifter) (Vaults:5)
  40 two-headed ogres
  31 dancing weapons
  3 hell hogs (Hell)
  The ghost of Lanoc the Spear-Bearer, a novice MfAK of Lugonu (D:11)
  6 vampire magi
  5 death yaks (Lair:4)
  8 deep troll earth magi
  8 deep troll shamans
  14 ogre magi
  8 tengu warriors
  A thrashing horror (Abyss:2)
  24 soul eaters
  2 orc high priests (Elf:3)
  A spectral storm dragon (Zot:2)
  5 spriggan berserkers
  3 shock serpents (Pan)
  Nergalle (Lair:3)
  21 deep elf knights
  Urug (Lair:6)
  A titan skeleton (Crypt:1)
  3 wretched stars (Abyss:2)
  A fire crab (D:15)
  Sonja (Lair:3)
  2 iron golems (Hell)
  An iron troll (shapeshifter) (Vaults:5)
  19 large abominations
  29 sun demons
  A ghost moth zombie (Crypt:3)
  6 shadow wraiths
  9 unseen horrors
  4 shadow demons (Pan)
  An anaconda zombie (Hell)
  50 skeletal warriors
  A spectral purple draconian (Zot:2)
  An unseen horror (shapeshifter) (Vaults:1)
  7 swamp dragons
  20 hell knights
  11 sixfirhies (Pan)
  5 iron trolls
  3 gelid demonspawn (Pan)
  5 glowing orange brains
  3 infernal demonspawn (Pan)
  8 wizards
  An orange crystal statue (Depths:3)
  5 flayed ghosts
  A spriggan druid (Swamp:4)
  6 torturous demonspawn
  26 deep trolls
  Pikel (D:7)
  9 phantasmal warriors
  17 deep elf archers
  2 obsidian statues
  17 ironbrand convokers
  A lindwurm (shapeshifter) (Vaults:4)
  A wolf spider zombie (Crypt:3)
  16 orc knights
  2 anaconda skeletons (Hell)
  2 oklob plants
  A golden dragon skeleton (Pan)
  21 orb spiders
  A harpy (shapeshifter) (D:15)
  3 fire giant zombies
  An iron dragon zombie (Crypt:1)
  6 orc sorcerers
  14 necromancers
  36 wolf spiders
  86 deep elf magi
  A faun (shapeshifter) (Depths:3)
  3 manticores
  58 ugly things
  3 wolf spiders (shapeshifter)
  28 moths of wrath
  A stone giant zombie (Hell)
  9 elephants
  7 shining eyes
  8 cyclopes
  2 iron dragon skeletons
  A stone giant skeleton (Hell)
  3 fire giant skeletons
  A frost giant skeleton (Pan)
  A dire elephant zombie (Hell)
  5 rust devils
  A black mamba (shapeshifter) (Vaults:1)
  2 black mambas
  2 apocalypse crabs (Abyss:2)
  An eye of devastation (Slime:5)
  3 naga magi (D:15)
  13 vault sentinels
  13 smoke demons
  A water nymph (shapeshifter) (Depths:3)
  A torpor snail (Spider:1)
  4 ice statues
  12 orange demons
  An alligator snapping turtle zombie (Crypt:3)
  A gargoyle (D:14)
  A titan simulacrum (Crypt:2)
  2 hellions
  A rime drake (shapeshifter) (Depths:4)
  A storm dragon simulacrum (Zot:2)
  16 swamp worm zombies (Crypt:2)
  A dire elephant skeleton (Crypt:1)
  A spiny frog (shapeshifter) (Vaults:1)
  27 spiny frogs
  2 yaktaur zombies
  4 rime drakes
  An emperor scorpion zombie (Hell)
  6 efreet
  A yellow draconian zombie (Crypt:3)
  15 demonic crawlers
  12 freezing wraiths
  8 komodo dragons
  A pale draconian skeleton (Crypt:2)
  46 yaktaurs
  2 harpy zombies
  4 hellwings
  7 ice devils
  A green draconian skeleton (Crypt:2)
  3 guardian mummies (Crypt:3)
  17 red devils
  4 kobold demonologists
  2 tengu conjurers
  6 tormentors (Pan)
  2 spectral moths of wrath (Zot:2)
  5 polar bears
  15 trolls
  2 ancient zymes (Abyss:2)
  A human skeleton (Vaults:1)
  A queen bee (shapeshifter) (D:13)
  17 tyrant leeches
  A hydra skeleton (Crypt:1)
  2 raiju (shapeshifter)
  32 jumping spiders
  78 slime creatures
  15 hornets
  A blink frog (shapeshifter) (Vaults:2)
  A harpy skeleton (Pan)
  An ice dragon zombie (Crypt:1)
  A shadow dragon simulacrum (Crypt:1)
  3 raiju (Abyss:2)
  10 bog bodies
  2 alligator zombies (Hell)
  An ettin zombie (Crypt:1)
  4 hippogriffs
  2 dream sheep (D:11)
  A wolf spider simulacrum (D:15)
  15 blink frogs
  A fire dragon zombie (Crypt:2)
  An iron dragon simulacrum (Crypt:1)
  A snapping turtle (shapeshifter) (Elf:3)
  2 fire giant simulacra
  A frost giant simulacrum (Vaults:3)
  2 centaur simulacra (D:15)
  A draconian simulacrum (Zot:2)
  An ice dragon skeleton (Crypt:3)
  82 redbacks
  26 tarantellas
  5 flying skulls (Crypt:3)
  A spriggan (shapeshifter) (Vaults:5)
  3 shadows
  2 ushabtiu (Crypt:3)
  Grum (D:11)
  A vampire (D:10)
  19 yaks
  14 spriggans
  18 ynoxinuls
  10 fire elementals
  A human (shapeshifter) (Depths:1)
  5 wraiths
  A black mamba skeleton (Pan)
  A golden eye (shapeshifter) (Elf:2)
  A hog (shapeshifter) (Vaults:4)
  21 water elementals
  4 wyverns
  21 humans (D:14)
  3 hungry ghosts
  4 swamp worm simulacra (Swamp:4)
  2 hogs (Swamp:3)
  7 neqoxecs
  10 chaos spawn
  26 vampire mosquitoes
  A black draconian simulacrum (Zot:2)
  4 insubstantial wisps (Abyss:2)
  A warg (Orc:2)
  6 water moccasins
  4 acid dragons
  20 swamp worms
  A faun skeleton (Crypt:3)
  17 hydra simulacra
  A water moccasin (shapeshifter) (Depths:3)
  A deep troll skeleton (Crypt:3)
  5 hell hounds
  3 porcupines
  Duvessa (D:6)
  An infernal demonspawn skeleton (Crypt:2)
  A torturous demonspawn skeleton (Crypt:2)
  An ice beast (shapeshifter) (Vaults:5)
  5 swamp drakes
  A moth of wrath simulacrum (Zot:2)
  A snapping turtle zombie (Crypt:1)
  19 ice beasts
  3 sky beasts
  A black bear (shapeshifter) (D:11)
  4 eyes of draining
  3 eyes of draining (shapeshifter)
  63 orc warriors
  2 spiny frog skeletons
  4 slaves
  2 human zombies
  5 phantoms
  3 necrophages
  2 black bears
  7 boggarts
  A black mamba simulacrum (Hell)
  37 ogres
  21 wolves
  An elephant zombie (Crypt:2)
  28 centaurs
  11 crocodiles
  A swamp dragon skeleton (Pan)
  6 big kobolds
  6 elf zombies (Elf:1)
  27 bullfrogs
  A gnoll sergeant (D:11)
  2 earth elementals (Elf:2)
  12 small abominations
  Dowan (D:6)
  A glowing shapeshifter simulacrum (Vaults:2)
  A human simulacrum (Vaults:1)
  3 scorpions
  A cyclops skeleton (Crypt:2)
  A wyvern skeleton (D:8)
  A manticore simulacrum (Crypt:1)
  A raiju zombie (Crypt:1)
  18 killer bees
  6 wights
  An electric eel (Spider:4)
  7 howler monkeys
  14 crimson imps
  2 quasits
  3 bullfrog skeletons
  2 bullfrog zombies
  8 centaur skeletons
  6 hounds
  20 jellies
  4 centaur zombies
  13 orc priests
  A demonspawn skeleton (Crypt:3)
  3 iron imps
  3 iguanas
  13 orc wizards
  8 worker ants
  A sky beast zombie (Crypt:3)
  A felid zombie (Crypt:1)
  A tengu skeleton (Abyss:2)
  An acid dragon skeleton (Crypt:3)
  A demigod skeleton (Crypt:1)
  A hound skeleton (D:11)
  Robin (D:2)
  A howler monkey skeleton (D:6)
  A worker ant zombie (D:11)
  A scorpion zombie (Crypt:2)
  19 adders
  11 gnolls
  7 shadow imps
  5 white imps
  An ufetubus (Abyss:2)
  2 oozes
  4 swamp drake simulacra (Swamp:4)
  2 adder zombies
  3 worms
  2 ball lightnings (Pan)
  3 dart slugs
  9 leopard geckos
  91 orcs
  A ball python (D:5)
  A bat zombie (Crypt:1)
  5 giant cockroaches
  21 goblins
  14 hobgoblins
  21 jackals
  2 quokkas
  9 bats
  3 frilled lizards
  A giant cockroach zombie (Crypt:1)
  A jackal skeleton (Crypt:3)
  23 kobolds
  A quokka skeleton (D:9)
  6 rats
  A rat zombie (Crypt:3)
  4 crawling corpses (Vaults:5)
  A fungus (Elf:2)
  A lurking horror (Abyss:2)
  8 plants
  6 starspawn tentacles (Abyss:2)
  5 tentacles (Hell)
3164 creatures vanquished.

Vanquished Creatures (collateral kills)
  A stone giant (Vaults:2)
  An ettin (Vaults:4)
  An ogre mage (Vaults:2)
  A great orb of eyes (Vaults:2)
  An orc knight (Vaults:4)
  An ogre (Vaults:2)
6 creatures vanquished.

Vanquished Creatures (others)
  A draconian monk (Zot:3)
  A blizzard demon (Pan)
  A soul eater (Hell)
  A spriggan (Swamp:4)
  A sixfirhy (Pan)
  A necromancer (Vaults:1)
  A hornet (Swamp:4)
  A spectral moth of wrath (Zot:2)
  2 water elementals (Elf:3)
  A swamp worm (Swamp:4)
  2 small abominations (Abyss:2)
  An ogre (Vaults:5)
  9 ball lightnings (Pan)
  2 orcs
  13 fungi
  51 plants
  16 starspawn tentacles
  8 tentacles (Hell)
113 creatures vanquished.

Grand Total: 3283 creatures vanquished

Notes
Turn   | Place    | Note
-------+----------+-------------------------------------------
     0 | D:1      | mopl the Formicid Hunter began the quest for the Orb.
     0 | D:1      | Reached XP level 1. HP: 16/16 MP: 1/1
   440 | D:1      | Reached XP level 2. HP: 23/23 MP: 2/2
   475 | D:1      | HP: 1/23 [goblin/+0 club (3)]
  1293 | D:1      | Reached XP level 3. HP: 26/28 MP: 3/3
  1796 | D:2      | Noticed an ice beast
  1822 | D:2      | You fall through a shaft!
  2083 | D:3      | Reached skill level 3 in Fighting
  2137 | D:2      | Reached XP level 4. HP: 30/35 MP: 4/4
  2172 | D:2      | Reached skill level 5 in Crossbows
  2424 | D:2      | Killed an ice beast
  2424 | D:2      | Reached XP level 5. HP: 13/42 MP: 5/5
  3057 | D:2      | Noticed Robin
  3091 | D:2      | Reached skill level 6 in Crossbows
  3102 | D:2      | HP: 2/42 [goblin[Robin] (3)]
  3111 | D:2      | Reached XP level 6. HP: 18/48 MP: 6/6
  3131 | D:2      | HP: 2/48 [Robin/+0 club (4)]
  3136 | D:2      | Killed Robin
  3136 | D:2      | Reached skill level 4 in Fighting
  3674 | D:3      | Found a basalt altar of Yredelemnul.
  4295 | D:3      | Found a deep blue altar of Sif Muna.
  4296 | D:3      | Found an iron altar of Okawaru.
  4301 | D:3      | Became a worshipper of Warmaster Okawaru
  4323 | D:4      | Noticed an ogre
  4343 | D:4      | Killed an ogre
  4343 | D:4      | Reached skill level 1 in Armour
  4343 | D:4      | Reached XP level 7. HP: 26/55 MP: 7/7
  4704 | D:4      | Found a glowing silver altar of Zin.
  4706 | D:4      | Found an ornate altar of the Wu Jian Council.
  5322 | D:5      | Entered Level 5 of the Dungeon
  5353 | D:5      | Reached skill level 7 in Crossbows
  5353 | D:5      | Reached skill level 2 in Armour
  5396 | D:4      | Found a hide-covered altar of Uskayaw.
  5396 | D:4      | Found a radiant altar of Vehumet.
  5407 | D:5      | Reached * piety under Okawaru
  5541 | D:5      | Reached skill level 5 in Fighting
  5618 | D:5      | Found Qanit's Antique Weapon Boutique.
  5647 | D:5      | Found a staircase to the Ecumenical Temple.
  5990 | D:6      | Reached XP level 8. HP: 54/62 MP: 8/8
  6043 | D:6      | Noticed Dowan
  6044 | D:6      | Noticed Duvessa
  6068 | D:6      | Killed Duvessa
  6068 | D:6      | Reached skill level 3 in Armour
  6095 | D:6      | Killed Dowan
  6095 | D:6      | Reached skill level 8 in Crossbows
  6388 | D:6      | Reached ** piety under Okawaru
  6621 | D:5      | Reached skill level 6 in Fighting
  6621 | D:5      | Reached skill level 4 in Armour
  6927 | D:6      | Reached XP level 9. HP: 47/70 MP: 9/9
  7134 | D:6      | Reached skill level 9 in Crossbows
  7190 | D:6      | Found a hazy altar of Hepliaklqana.
  7426 | D:7      | Noticed Pikel
  7429 | D:7      | Reached skill level 5 in Armour
  7473 | D:7      | Killed Pikel
  7473 | D:7      | Reached *** piety under Okawaru
  7473 | D:7      | Received a gift from Okawaru
  7473 | D:7      | Reached skill level 7 in Fighting
  7650 | D:7      | Reached skill level 10 in Crossbows
  8061 | D:7      | Noticed a centaur warrior
  8089 | D:7      | Reached skill level 6 in Armour
  8089 | D:7      | Reached XP level 10. HP: 39/79 MP: 7/10
  8108 | D:7      | HP: 2/79 [centaur warrior (5)]
  8110 | D:7      | Killed a centaur warrior
  8110 | D:7      | Reached **** piety under Okawaru
  8110 | D:7      | Reached skill level 8 in Fighting
  8110 | D:7      | Reached skill level 2 in Invocations
  8397 | D:7      | Learned a level 1 spell: Apportation
  8510 | D:8      | Noticed a two-headed ogre
  8602 | D:8      | Reached skill level 3 in Invocations
  8934 | D:8      | Received a gift from Okawaru
  9008 | D:8      | Reached skill level 11 in Crossbows
  9016 | D:8      | Found a stormy altar of Qazlal.
  9516 | D:7      | Reached skill level 7 in Armour
 10308 | D:8      | Killed a two-headed ogre
 10308 | D:8      | Received a gift from Okawaru
 10308 | D:8      | Received a gift from Okawaru
 10308 | D:8      | Reached skill level 4 in Invocations
 11429 | D:9      | Reached skill level 5 in Invocations
 11429 | D:9      | Reached XP level 11. HP: 85/87 MP: 11/14
 11451 | D:9      | Reached skill level 9 in Fighting
 11602 | D:9      | Upgraded the game from 0.24-a0-264-gf46a388 to
                  | 0.24-a0-271-ga0fc33f
 11762 | D:9      | Reached skill level 8 in Armour
 11771 | D:9      | You fall through a shaft for 3 floors!
 11771 | D:12     | Noticed a two-headed ogre
 11802 | D:12     | Killed a two-headed ogre
 11802 | D:12     | Reached ***** piety under Okawaru
 11802 | D:12     | Reached skill level 6 in Invocations
 11962 | D:12     | Received a gift from Okawaru
 12650 | D:12     | Found a staircase to the Orcish Mines.
 12650 | D:12     | Noticed an orc knight
 12692 | D:12     | Killed an orc knight
 12692 | D:12     | Received a gift from Okawaru
 13013 | D:12     | Found Vycarhiy's Food Emporium.
 13144 | D:12     | Noticed a cyan ugly thing
 13169 | D:12     | Killed a cyan ugly thing
 13169 | D:12     | Reached skill level 10 in Fighting
 13169 | D:12     | Reached skill level 12 in Crossbows
 13169 | D:12     | Reached skill level 7 in Invocations
 13450 | D:11     | Found a runed translucent door.
 13451 | D:11     | Noticed Lanoc's ghost (novice MfAK)
 13467 | D:11     | Noticed an unseen horror
 13485 | D:11     | Killed an unseen horror
 13485 | D:11     | Received a gift from Okawaru
 13485 | D:11     | Reached skill level 9 in Armour
 13577 | D:11     | Found Sarch's Gadget Emporium.
 13655 | D:10     | Entered Level 10 of the Dungeon
 13677 | D:10     | Received a gift from Okawaru
 13719 | D:10     | Reached XP level 12. HP: 67/97 MP: 17/17
 13759 | D:10     | Reached skill level 1 in Shields
 13816 | D:10     | Noticed a two-headed ogre
 13826 | D:10     | Killed a two-headed ogre
 13830 | D:10     | Reached skill level 2 in Shields
 13911 | D:10     | Found a flagged portal.
 13955 | Bailey   | Entered a bailey
 14003 | Bailey   | Noticed an orc warlord
 14130 | Bailey   | Found a runed translucent gate.
 14132 | Bailey   | Found a runed translucent gate.
 14251 | Bailey   | Found a runed translucent gate.
 14279 | Bailey   | Killed an orc warlord
 14279 | Bailey   | Received a gift from Okawaru
 14279 | Bailey   | Reached skill level 3 in Shields
 14279 | Bailey   | Reached skill level 8 in Invocations
 14283 | Bailey   | Got a pitted scale mail {god gift}
 14315 | Bailey   | Identified a scroll of acquirement
 14347 | Bailey   | Reached skill level 4 in Dodging
 14347 | Bailey   | Reached skill level 8 in Shields
 14347 | Bailey   | Reached XP level 13. HP: 104/104 MP: 19/19
 14396 | Bailey   | Identified the +2 scale mail of Filth {rN+} (Okawaru gifted
                  | it to you in a bailey)
 14419 | D:10     | Got a jewelled crystal plate armour
 14430 | D:10     | Identified the +1 crystal plate armour of Gallantry {Str+4
                  | SInv} (You acquired it on level 10 of the Dungeon)
 14629 | D:9      | Found Qune's Assorted Antiques.
 14666 | D:9      | Bought a scroll labeled WEAMPU NUOLU for 34 gold pieces
 14666 | D:9      | Bought 3 scrolls of identify for 204 gold pieces
 14666 | D:9      | Bought a scroll of identify for 68 gold pieces
 14666 | D:9      | Bought a silver wand for 136 gold pieces
 14666 | D:9      | Bought a scroll of identify for 68 gold pieces
 15156 | D:10     | Reached skill level 9 in Shields
 15227 | D:10     | Reached skill level 10 in Armour
 15522 | D:11     | Found a staircase to the Lair.
 15619 | D:11     | Noticed Grum
 15635 | D:11     | Killed Grum
 15635 | D:11     | Reached skill level 11 in Fighting
 16206 | D:11     | Noticed a three-headed hydra
 16211 | D:11     | Killed a one-headed hydra
 16365 | Lair:1   | Entered Level 1 of the Lair of Beasts
 16566 | Lair:1   | Reached skill level 9 in Invocations
 17827 | D:13     | Reached skill level 13 in Crossbows
 17881 | D:13     | Reached XP level 14. HP: 109/113 MP: 19/21
 18190 | D:13     | Received a gift from Okawaru
 18277 | D:13     | Reached skill level 11 in Armour
 18549 | Orc:1    | Entered Level 1 of the Orcish Mines
 18571 | Orc:1    | Noticed an orc warlord
 18674 | D:12     | Killed an orc warlord
 18674 | D:12     | Received a gift from Okawaru
 18674 | D:12     | Reached skill level 12 in Fighting
 18674 | D:12     | Reached skill level 10 in Invocations
 19004 | Orc:2    | Entered Level 2 of the Orcish Mines
 19069 | Orc:2    | Received a gift from Okawaru
 19641 | Orc:2    | Reached skill level 5 in Dodging
 20025 | Orc:2    | Found a staircase to the Elven Halls.
 20383 | Orc:2    | Found Addaoleune's Distillery.
 20383 | Orc:2    | Found Icis's Magic Scroll Shop.
 20385 | Orc:2    | Found Carry's Magic Scroll Boutique.
 20387 | Orc:2    | Found Ifoat's Book Emporium.
 20391 | Orc:2    | Bought a potion of curing for 51 gold pieces
 20391 | Orc:2    | Bought a potion of curing for 51 gold pieces
 20391 | Orc:2    | Bought a potion of heal wounds for 85 gold pieces
 20391 | Orc:2    | Bought a potion of heal wounds for 85 gold pieces
 20391 | Orc:2    | Bought a potion of cancellation for 136 gold pieces
 20392 | Orc:2    | Bought a scroll of magic mapping for 49 gold pieces
 20392 | Orc:2    | Bought a scroll of teleportation for 42 gold pieces
 20392 | Orc:2    | Bought a scroll of blinking for 105 gold pieces
 20392 | Orc:2    | Bought a scroll of enchant weapon for 105 gold pieces
 20392 | Orc:2    | Bought a scroll of random uselessness for 14 gold pieces
 20395 | Orc:2    | Bought a scroll of identify for 28 gold pieces
 20395 | Orc:2    | Bought a scroll of identify for 28 gold pieces
 20410 | Orc:2    | Bought a scroll of identify for 26 gold pieces
 20410 | Orc:2    | Bought a scroll of identify for 26 gold pieces
 21319 | Lair:3   | Reached skill level 14 in Crossbows
 21335 | Lair:3   | Received a gift from Okawaru
 21495 | Lair:3   | Noticed Nergalle
 21503 | Lair:3   | Killed Nergalle
 21529 | Lair:3   | Noticed Sonja
 21531 | Lair:3   | Killed Sonja
 21928 | Lair:3   | Found a hole to the Spider Nest.
 22115 | Lair:3   | Received a gift from Okawaru
 22569 | Lair:4   | Reached XP level 15. HP: 112/122 MP: 20/22
 22624 | Lair:4   | Reached ****** piety under Okawaru
 22624 | Lair:4   | Received a gift from Okawaru
 22624 | Lair:4   | Reached skill level 12 in Armour
 22624 | Lair:4   | Reached skill level 6 in Dodging
 22633 | Lair:4   | Received a gift from Okawaru
 22899 | Lair:4   | Found a staircase to the Swamp.
 23414 | Lair:5   | Found a staircase to the Slime Pits.
 23575 | Lair:5   | Reached skill level 13 in Fighting
 24214 | Lair:6   | Entered Level 6 of the Lair of Beasts
 24352 | Lair:6   | Reached skill level 15 in Crossbows
 24420 | Lair:6   | Reached skill level 7 in Dodging
 24511 | Lair:6   | Noticed Urug
 24522 | Lair:6   | Killed Urug
 24537 | Lair:6   | Received a gift from Okawaru
 24602 | Lair:6   | Found a frozen archway.
 24611 | IceCv    | Entered an ice cave
 24858 | IceCv    | Received a gift from Okawaru
 24888 | IceCv    | Got a shimmering glass ring
 24892 | IceCv    | Identified the cursed ring of Happiness {rElec Int-3} (You
                  | found it in an ice cave)
 25069 | Lair:6   | Received a gift from Okawaru
 25090 | Lair:6   | Received a gift from Okawaru
 25090 | Lair:6   | Reached XP level 16. HP: 131/131 MP: 23/23
 25214 | Lair:6   | Reached skill level 13 in Armour
 25518 | Lair:6   | Identified the amulet of Interdependent Arising {Inacc
                  | +Blink rC- Int+3 Dex+5} (You found it on level 6 of the
                  | Lair of Beasts)
 25520 | Lair:6   | Identified the ring of the Garden {Wiz rPois rF+} (You
                  | found it on level 6 of the Lair of Beasts)
 26381 | D:14     | Noticed gruber's ghost (journeyman TrBe)
 26382 | D:14     | Found a runed translucent door.
 26401 | D:14     | Killed gruber's ghost
 26401 | D:14     | Reached skill level 1 in Evocations
 26470 | D:14     | Reached skill level 8 in Dodging
 26747 | D:14     | Reached skill level 16 in Crossbows
 26750 | D:14     | Reached skill level 2 in Evocations
 26869 | D:14     | Found a gate to the Vaults.
 26964 | D:14     | Got a scorched lead amulet
 26965 | D:14     | Identified the amulet of Weusid {*Corrode +Rage rC++ Str+6}
                  | (You found it on level 14 of the Dungeon)
 27154 | D:15     | Entered Level 15 of the Dungeon
 27319 | D:15     | Reached skill level 14 in Fighting
 27331 | D:15     | Reached skill level 3 in Evocations
 27375 | D:15     | Received a gift from Okawaru
 27378 | D:15     | Got a pair of fine gloves
 27478 | D:15     | Identified the +2 pair of gloves "Etoebo Acoa" {MR- Str+6
                  | Int-5 Dex+8} (You found it on level 15 of the Dungeon)
 27927 | D:15     | Received a gift from Okawaru
 27956 | D:15     | Found a staircase to the Depths.
 28067 | D:15     | Reached skill level 4 in Evocations
 28471 | D:11     | Killed Lanoc's ghost
 28483 | D:11     | Got a fine scale mail
 28494 | D:11     | Identified the cursed +0 scale mail of the Endless Expanse
                  | {rC+} (You found it on level 11 of the Dungeon)
 28689 | Swamp:1  | Entered Level 1 of the Swamp
 28733 | Swamp:1  | Reached XP level 17. HP: 86/139 MP: 14/24
 28847 | Swamp:1  | Received a gift from Okawaru
 28869 | Swamp:1  | Got a pair of spiked gloves {god gift}
 28877 | Swamp:1  | Identified the -7 pair of gloves "Geopteutz" {Str+4}
                  | (Okawaru gifted it to you on level 1 of the Swamp)
 28975 | Swamp:1  | Learned a level 3 spell: Regeneration
 29146 | Swamp:1  | Reached skill level 9 in Dodging
 29309 | Swamp:1  | Reached skill level 5 in Evocations
 29968 | Swamp:2  | Reached skill level 14 in Armour
 30106 | Swamp:2  | Reached skill level 17 in Crossbows
 30134 | Swamp:2  | Identified the cursed +0 chain mail "Xoiphab" {rElec MR-
                  | Dex+2}
 31025 | Swamp:3  | Reached skill level 6 in Evocations
 31032 | Swamp:3  | Noticed Kirke
 31041 | Swamp:3  | Killed Kirke
 31095 | Swamp:3  | Received a gift from Okawaru
 31495 | Swamp:4  | Entered Level 4 of the Swamp
 31495 | Swamp:4  | Noticed Donald
 31495 | Swamp:4  | Noticed Bai Suzhen
 31573 | Swamp:4  | Noticed Nikola
 31584 | Swamp:3  | Killed Nikola
 31584 | Swamp:3  | Received a gift from Okawaru
 31779 | Swamp:3  | Received a gift from Okawaru
 31779 | Swamp:3  | Reached XP level 18. HP: 127/148 MP: 22/25
 31825 | Swamp:3  | Killed Donald
 32027 | Swamp:4  | Killed Bai Suzhen
 32027 | Swamp:4  | Reached skill level 15 in Fighting
 32082 | Swamp:4  | Reached skill level 7 in Evocations
 32362 | Swamp:4  | Reached skill level 10 in Dodging
 32390 | Swamp:4  | Received a gift from Okawaru
 32643 | Swamp:4  | Received a gift from Okawaru
 32721 | Swamp:4  | Got a decaying rune of Zot
 33052 | Spider:1 | Entered Level 1 of the Spider Nest
 33123 | Spider:1 | Reached skill level 18 in Crossbows
 33288 | Spider:1 | Received a gift from Okawaru
 33405 | Spider:1 | Reached skill level 8 in Evocations
 33444 | Spider:1 | Received a gift from Okawaru
 33992 | Spider:1 | Received a gift from Okawaru
 33995 | Spider:1 | Got a smoking hand crossbow {god gift}
 33996 | Spider:1 | Identified the +4 hand crossbow "Fuunn" {freeze, Str+5}
                  | (Okawaru gifted it to you on level 1 of the Spider Nest)
 34165 | Spider:2 | Noticed Azrael
 34252 | Spider:1 | Reached skill level 15 in Armour
 34388 | Spider:1 | Reached XP level 19. HP: 141/155 MP: 5/26
 34722 | Spider:2 | Killed Azrael
 34892 | Spider:2 | Got a heavily runed scale mail
 34920 | Spider:2 | Identified the +3 scale mail "Ygucujyci" {rPois MR- Str+10
                  | Dex+6} (You found it on level 2 of the Spider Nest)
 35928 | Spider:3 | Received a gift from Okawaru
 36328 | Spider:3 | Reached skill level 9 in Evocations
 36813 | Spider:4 | Entered Level 4 of the Spider Nest
 37230 | Spider:4 | Reached skill level 11 in Dodging
 37283 | Spider:4 | Reached skill level 16 in Fighting
 37302 | Spider:4 | Received a gift from Okawaru
 37340 | Spider:4 | Reached skill level 19 in Crossbows
 37344 | Spider:4 | Received a gift from Okawaru
 37429 | Spider:4 | Received a gift from Okawaru
 37454 | Spider:4 | Got a gossamer rune of Zot
 37887 | Lair:1   | Got a pair of jewelled boots
 37898 | Lair:1   | Identified the +1 pair of boots of Bessalae {rElec rC+ MP-9
                  | Dex+6} (You acquired it on level 1 of the Lair of Beasts)
 38029 | Vaults:1 | Entered Level 1 of the Vaults
 38099 | Vaults:1 | Received a gift from Okawaru
 38114 | Vaults:1 | Reached XP level 20. HP: 145/164 MP: 16/27
 38255 | Vaults:1 | Cast into level 2 of the Abyss (a wizard)
 38347 | Abyss:2  | Found a sparkling altar of Nemelex Xobeh.
 38517 | Abyss:2  | Noticed a bone dragon
 38535 | Abyss:2  | Killed a bone dragon
 38535 | Abyss:2  | Reached skill level 10 in Evocations
 38643 | Abyss:2  | Noticed a hellephant
 38648 | Abyss:2  | Killed a hellephant
 38808 | Vaults:1 | Escaped the Abyss
 39039 | Vaults:1 | You fall through a shaft!
 39046 | Vaults:2 | Noticed Frederick
 39060 | Vaults:2 | Noticed Mara
 39060 | Vaults:2 | Noticed Mara
 39060 | Vaults:2 | Noticed Mara
 39064 | Vaults:2 | Killed Frederick
 39064 | Vaults:2 | Reached skill level 16 in Armour
 39072 | Vaults:2 | Noticed mopl's illusion
 39089 | Vaults:2 | Killed Mara
 39089 | Vaults:2 | Received a gift from Okawaru
 39140 | Vaults:2 | Received a gift from Okawaru
 39390 | Vaults:2 | Noticed Sojobo
 39500 | Vaults:2 | Killed Sojobo
 39963 | Vaults:2 | Reached skill level 12 in Dodging
 39964 | Vaults:2 | Reached skill level 20 in Crossbows
 40258 | Vaults:2 | Reached XP level 21. HP: 173/173 MP: 19/28
 40441 | Vaults:1 | Found the +12 glaive of Prune {chop}
 40532 | Vaults:1 | Reached skill level 17 in Fighting
 40687 | Vaults:1 | Received a gift from Okawaru
 41083 | Vaults:1 | Received a gift from Okawaru
 41676 | Vaults:2 | Found a staircase to the Crypt.
 42602 | Vaults:3 | Noticed Xtahua
 42620 | Vaults:3 | Killed Xtahua
 42717 | Vaults:3 | Got a jewelled arbalest
 42718 | Vaults:3 | Identified the +11 arbalest of Xant {venom, Dex+3} (You
                  | found it on level 3 of the Vaults)
 42794 | Vaults:3 | Noticed Margery
 42816 | Vaults:3 | Killed Margery
 42816 | Vaults:3 | Reached skill level 11 in Invocations
 42989 | Vaults:3 | Noticed Saint Roka
 42990 | Vaults:3 | Reached skill level 17 in Armour
 43017 | Vaults:3 | Killed Saint Roka
 43017 | Vaults:3 | Reached XP level 22. HP: 125/182 MP: 16/30
 43242 | Vaults:3 | You fall through a shaft!
 43369 | Vaults:4 | Found a magical portal.
 43378 | WizLab   | Entered Iskenderun's Mystic Tower
 43400 | WizLab   | Received a gift from Okawaru
 43463 | WizLab   | Reached skill level 21 in Crossbows
 43498 | WizLab   | Received a gift from Okawaru
 43608 | WizLab   | Received a gift from Okawaru
 43640 | WizLab   | Identified the Volume of Helpful Arcane Weapons
 43655 | WizLab   | Reached skill level 13 in Dodging
 43657 | WizLab   | Identified Iskenderun's Grimoire of Destiny
 43657 | WizLab   | Identified Iskenderun's Disquisition on Confrontation
 43667 | WizLab   | Got an iridescent arbalest {god gift}
 43668 | WizLab   | Identified the +6 arbalest "Colylin" {elec, -Tele +Fly
                  | Int+9 Stlth+} (Okawaru gifted it to you in a wizard's
                  | laboratory)
 44620 | Vaults:3 | Received a gift from Okawaru
 44720 | Vaults:4 | Reached skill level 12 in Invocations
 45311 | Vaults:4 | Noticed Aizul
 45317 | Vaults:4 | Killed Aizul
 45317 | Vaults:4 | Received a gift from Okawaru
 45329 | Vaults:4 | Identified the +0 robe of the Volcano {rF++ Regen+ Str-4
                  | SInv} (Okawaru gifted it to you on level 4 of the Vaults)
 45407 | Vaults:4 | Reached skill level 18 in Fighting
 45520 | Vaults:4 | Found Sirujikk's Antique Weapon Shoppe.
 45583 | Vaults:4 | Reached XP level 23. HP: 124/190 MP: 16/32
 46232 | Vaults:4 | Identified the +7 chain mail of Nihilism {-Tele rC+ rN+}
                  | (You found it on level 4 of the Vaults)
 46343 | Vaults:4 | Upgraded the game from 0.24-a0-271-ga0fc33f to
                  | 0.24-a0-272-g1411513
 46728 | Elf:1    | Entered Level 1 of the Elven Halls
 46732 | Elf:1    | Learned a level 2 spell: Corpse Rot
 46736 | Elf:1    | Learned a level 3 spell: Portal Projectile
 46739 | Elf:1    | Learned a level 2 spell: Swiftness
 46875 | Elf:1    | Got a warped chain mail
 46876 | Elf:1    | Identified the +2 chain mail of the Hurricane {rF++ Int+2}
                  | (You found it on level 1 of the Elven Halls)
 46903 | Elf:1    | Got an encrusted halberd
 46904 | Elf:1    | Identified the +10 halberd of Circular Logic {flame, Int+3}
                  | (You found it on level 1 of the Elven Halls)
 47111 | Elf:1    | Identified the Tome of Evil Rites
 47444 | Elf:1    | Reached skill level 1 in Translocations
 47739 | Elf:2    | Found Ahoppesie's Food Boutique.
 47745 | Elf:2    | Received a gift from Okawaru
 47810 | Elf:2    | Found Juveicam's Antique Weapon Emporium.
 47821 | Elf:2    | Bought the +7 lajatang of Order {silver, rMut} for 1377
                  | gold pieces
 47821 | Elf:2    | Found the +7 lajatang of Order {silver, rMut}
 47887 | Elf:2    | Found Gituolai's General Store.
 48110 | Elf:2    | Reached skill level 2 in Translocations
 48115 | Elf:2    | Found a huge runed translucent gate.
 48115 | Elf:2    | Found a huge runed translucent gate.
 48115 | Elf:2    | Found a huge runed translucent gate.
 48115 | Elf:2    | Found a huge runed translucent gate.
 48115 | Elf:2    | Found a huge runed translucent gate.
 48456 | Elf:3    | Entered Level 3 of the Elven Halls
 48465 | Elf:3    | Reached skill level 13 in Invocations
 48474 | Elf:3    | Reached skill level 1 in Staves
 48552 | Elf:3    | Reached skill level 18 in Armour
 48649 | Elf:3    | Reached skill level 22 in Crossbows
 48832 | Elf:3    | Identified the +5 rapier of Duty {freeze, rN+}
 49154 | Elf:3    | Reached skill level 2 in Staves
 49282 | Elf:3    | Received a gift from Okawaru
 49294 | Elf:3    | Got a dazzling large shield {god gift}
 49323 | Elf:3    | Identified the +4 large shield "Quicwir" {rF++ Slay+6}
                  | (Okawaru gifted it to you on level 3 of the Elven Halls)
 49446 | Elf:3    | Reached skill level 3 in Translocations
 49482 | Elf:3    | Reached XP level 24. HP: 199/199 MP: 23/32
 49520 | Elf:3    | Identified the cursed +0 trident of the Elven Halls
                  | {protect, rElec MR+}
 49590 | Elf:3    | Reached skill level 3 in Staves
 49814 | Elf:3    | Identified the +3 scimitar of Vaonycsami {slice, rF+ SInv}
 49950 | Elf:3    | Identified the +1 ring mail "Rekallua" {rElec rF- Str+3
                  | Int+3} (You found it on level 3 of the Elven Halls)
 50036 | Elf:3    | Identified the +11 glaive of the Ship {pain, +Rage rPois
                  | Stlth+} (You found it on level 3 of the Elven Halls)
 50561 | Depths:1 | Entered Level 1 of the Depths
 50567 | Depths:1 | Reached skill level 14 in Dodging
 50638 | D:15     | Received a gift from Okawaru
 50639 | D:15     | Reached skill level 4 in Translocations
 50932 | Depths:1 | Reached skill level 4 in Staves
 50944 | Depths:1 | Received a gift from Okawaru
 51432 | Depths:1 | Reached skill level 10 in Shields
 51493 | Depths:1 | You fall through a shaft!
 51601 | Depths:2 | Found a gateway to a ziggurat.
 51649 | Depths:1 | Received a gift from Okawaru
 51760 | Depths:1 | Found a gateway to Hell.
 51994 | Depths:1 | Found a one-way gate leading to the halls of Pandemonium.
 52318 | Depths:2 | Reached XP level 25. HP: 192/206 MP: 22/33
 52397 | Depths:2 | Reached skill level 5 in Staves
 52397 | Depths:2 | Reached skill level 14 in Invocations
 52467 | Depths:2 | Found a one-way gate to the infinite horrors of the Abyss.
 52486 | Depths:1 | Got a brightly glowing quarterstaff
 52487 | Depths:1 | Identified the +5 quarterstaff "Diatae" {flame, Str+3} (You
                  | found it on level 1 of the Depths)
 52544 | Depths:2 | Reached skill level 5 in Translocations
 52840 | Depths:2 | Reached skill level 19 in Fighting
 52863 | Depths:2 | Found a runed translucent gate.
 52863 | Depths:2 | Found a runed translucent gate.
 52863 | Depths:2 | Found a runed translucent gate.
 52909 | Depths:2 | Noticed a juggernaut
 52921 | Depths:2 | Found a runed translucent gate.
 52994 | Depths:2 | Found a runed translucent gate.
 52994 | Depths:2 | Found a runed translucent gate.
 53219 | Depths:2 | Killed a juggernaut
 53295 | Depths:2 | Identified the Guide on the Mountains and Lightness
 53301 | Depths:2 | Identified the cursed +0 scale mail "Mafaelof" {rN+ Stlth+}
                  | (You found it on level 2 of the Depths)
 53463 | Depths:3 | Received a gift from Okawaru
 53489 | Depths:3 | Reached skill level 11 in Shields
 53567 | Depths:3 | Reached skill level 6 in Staves
 53574 | Depths:3 | Received a gift from Okawaru
 53583 | Depths:3 | Got a pair of faintly humming boots {god gift}
 53594 | Depths:3 | Identified the +0 pair of boots of the Leaf {rPois rF+
                  | Dex+2} (Okawaru gifted it to you on level 3 of the Depths)
 53606 | Depths:3 | Identified the +7 faerie dragon scales {rC- Regen+ rCorr
                  | Dex+9}
 53606 | Depths:3 | Noticed the Enchantress
 53631 | Depths:3 | Killed the Enchantress
 53834 | Depths:3 | Found Quireakh's Jewellery Emporium.
 53834 | Depths:3 | Found Nyifu's Book Shoppe.
 53847 | Depths:3 | Reached skill level 6 in Translocations
 53880 | Depths:3 | Bought a cursed ring of teleportation for 85 gold pieces
 53932 | Depths:3 | Reached skill level 23 in Crossbows
 54040 | Depths:3 | Found a runed translucent door.
 54487 | Depths:3 | Reached XP level 26. HP: 199/215 MP: 22/33
 54512 | Depths:3 | Identified the +6 ring mail "Voefoux" {+Fly rF- rC+++
                  | Slay-4} (You found it on level 3 of the Depths)
 54513 | Depths:3 | Upgraded the game from 0.24-a0-272-g1411513 to
                  | 0.24-a0-274-gb3763e6
 54760 | Depths:3 | Reached skill level 19 in Armour
 54770 | Depths:3 | Identified the Catalogue of the Voyage and Enhancements
 54818 | Depths:3 | Identified the +0 robe "Hitaepri" {+Inv Stlth+} (You found
                  | it on level 3 of the Depths)
 54827 | Depths:3 | Identified the +5 chain mail of Hide-and-Seek {+Fly Int-4
                  | Stlth+} (You found it on level 3 of the Depths)
 55213 | Slime:1  | Entered Level 1 of the Pits of Slime
 55377 | Slime:4  | Gained mutation: You are clumsy. (Dex -2) [a shining eye]
 55399 | Slime:5  | Entered Level 5 of the Pits of Slime
 55433 | Slime:5  | Received a gift from Okawaru
 55442 | Slime:4  | Reached skill level 7 in Staves
 55609 | Slime:5  | Noticed the Royal Jelly
 55618 | Slime:5  | Killed the Royal Jelly
 55618 | Slime:5  | Received a gift from Okawaru
 55618 | Slime:5  | Reached skill level 7 in Translocations
 55647 | Slime:5  | Reached skill level 12 in Shields
 55663 | Slime:5  | Identified the +8 arbalest of Ascent {penet, rPois Str+2
                  | Dex-4} (Okawaru gifted it to you on level 5 of the Pits of
                  | Slime)
 55710 | Slime:5  | Found the ring of the Octopus King
 55765 | Slime:5  | Identified the Guide on the Birds and the Snowflakes
 55777 | Slime:5  | Got a warped turquoise ring
 55778 | Slime:5  | Identified the ring "Ossin" {rC+ rN++} (You found it on
                  | level 5 of the Pits of Slime)
 55790 | Slime:5  | Identified the +8 bardiche of Ereub {holy, rC+ Dex+2
                  | Stlth+} (You found it on level 5 of the Pits of Slime)
 55801 | Slime:5  | Identified the Disquisition on the Voyage and Creation
 55810 | Slime:5  | Identified the +3 plate armour "Kextag" {+Blink rCorr} (You
                  | found it on level 5 of the Pits of Slime)
 55831 | Slime:5  | Got a ring of the Octopus King
 55832 | Slime:5  | Identified a ring of the Octopus King {rC+ AC+1 EV+1 Str+1
                  | Int+1 Dex+1} (You found it on level 5 of the Pits of Slime)
 55842 | Slime:5  | Identified The Arcane Secrets of Spellcraft
 55857 | Slime:5  | Got a slimy rune of Zot
 56363 | Depths:4 | Reached skill level 15 in Dodging
 56374 | Depths:4 | Received a gift from Okawaru
 56441 | Depths:4 | Got a bound platinum ring
 56442 | Depths:4 | Identified the ring of the Firefly {rF+ Stlth+} (You found
                  | it on level 4 of the Depths)
 56467 | Depths:4 | Noticed Boris
 56473 | Depths:4 | Killed Boris
 56621 | Depths:4 | Received a gift from Okawaru
 56889 | Depths:4 | Reached skill level 8 in Staves
 57004 | Depths:4 | Found a bloodstained altar of Trog.
 57177 | Depths:4 | Reached XP level 27. HP: 169/223 MP: 23/33
 57315 | Depths:4 | Upgraded the game from 0.24-a0-274-gb3763e6 to
                  | 0.24-a0-284-g9fb9971
 57363 | Depths:5 | Entered Level 5 of the Depths
 57506 | Depths:5 | Received a gift from Okawaru
 57544 | Depths:5 | Reached skill level 8 in Translocations
 57665 | Depths:5 | Found a gate to the Realm of Zot.
 57841 | Depths:5 | Reached skill level 13 in Shields
 57898 | Depths:5 | Received a gift from Okawaru
 57901 | Depths:5 | Reached skill level 20 in Fighting
 58096 | Depths:5 | Reached skill level 24 in Crossbows
 58107 | Depths:5 | Reached skill level 9 in Staves
 58788 | Vaults:5 | Entered Level 5 of the Vaults
 59132 | Vaults:5 | Identified the +7 great sword of Humimoen {slice, -Tele
                  | rElec rF++ Int+3} (You found it on level 5 of the Vaults)
 59237 | Vaults:5 | Reached skill level 9 in Translocations
 59413 | Vaults:5 | Received a gift from Okawaru
 59484 | Vaults:5 | Received a gift from Okawaru
 59752 | Vaults:5 | Reached skill level 20 in Armour
 59908 | Vaults:5 | Reached skill level 10 in Staves
 60042 | Vaults:5 | Reached skill level 14 in Shields
 60100 | Vaults:5 | Got a silver rune of Zot
 60141 | Vaults:5 | Identified the ring of Uhiul {rPois MR- Dex+2 Stlth+}
 60162 | Vaults:5 | Identified the +4 trident "Refrurua" {flame, *Corrode rElec
                  | Str+4}
 60162 | Vaults:5 | Identified the ring "Bunogounu" {rF++ MP+9 Int+5}
 60296 | Vaults:5 | Noticed Boris
 60310 | Vaults:5 | Killed Boris
 60382 | Vaults:5 | Identified the cursed +2 spear of Conformity {drain, Int+3}
 60419 | Vaults:5 | Reached skill level 16 in Dodging
 60956 | Crypt:1  | Entered Level 1 of the Crypt
 61020 | Crypt:1  | Reached skill level 1 in Hexes
 61098 | Crypt:1  | Received a gift from Okawaru
 61495 | Crypt:1  | Reached skill level 2 in Hexes
 61906 | Crypt:2  | Received a gift from Okawaru
 61968 | Crypt:2  | Reached skill level 10 in Translocations
 62594 | Crypt:2  | Reached skill level 3 in Hexes
 62740 | Crypt:2  | Noticed Boris
 62757 | Crypt:2  | Killed Boris
 62983 | Crypt:2  | Received a gift from Okawaru
 63126 | Crypt:3  | Entered Level 3 of the Crypt
 63132 | Crypt:3  | Reached skill level 4 in Hexes
 63160 | Crypt:3  | Received a gift from Okawaru
 63164 | Crypt:3  | Reached skill level 25 in Crossbows
 63343 | Crypt:3  | Reached skill level 11 in Staves
 63447 | Crypt:3  | Received a gift from Okawaru
 63480 | Crypt:3  | Reached skill level 5 in Hexes
 63523 | Crypt:3  | Reached skill level 15 in Shields
 63681 | Crypt:3  | Noticed an ancient lich
 63689 | Crypt:3  | Killed an ancient lich
 63689 | Crypt:3  | Reached skill level 21 in Fighting
 63694 | Crypt:3  | Reached skill level 17 in Dodging
 63694 | Crypt:3  | Reached skill level 6 in Hexes
 64091 | Crypt:3  | Found a staircase to the Tomb.
 64390 | Crypt:3  | Found an ancient bone altar of Kikubaaqudgha.
 64398 | Crypt:3  | Found a basalt altar of Yredelemnul.
 64922 | Elf:2    | Received a gift from Okawaru
 65127 | Elf:2    | Received a gift from Okawaru
 65138 | Elf:2    | Identified the +1 pair of boots of Time Monsters {+Blink}
                  | (Okawaru gifted it to you on level 2 of the Elven Halls)
 65719 | Zot:1    | Entered Level 1 of the Realm of Zot
 65830 | Zot:1    | Reached skill level 7 in Hexes
 66527 | Zot:1    | Reached skill level 21 in Armour
 66578 | Zot:1    | Reached skill level 12 in Staves
 66583 | Zot:1    | Reached skill level 8 in Hexes
 66771 | Zot:2    | Received a gift from Okawaru
 66879 | Zot:2    | Found a runed translucent gate.
 66880 | Zot:2    | Found a runed translucent gate.
 66881 | Zot:2    | Found a runed translucent gate.
 66883 | Zot:2    | Noticed Kiomaefoor's ghost (master VSFi)
 66896 | Zot:2    | Killed Kiomaefoor's ghost
 66938 | Zot:2    | Identified the cursed -5 hat of Lucidity {Int+2} (You found
                  | it on level 2 of the Realm of Zot)
 66961 | Zot:2    | Received a gift from Okawaru
 67029 | Zot:2    | Identified the Papyrus of Heat
 67324 | Zot:2    | Received a gift from Okawaru
 67405 | Zot:3    | Reached skill level 18 in Dodging
 67476 | Zot:3    | Reached skill level 26 in Crossbows
 68550 | Zot:4    | Received a gift from Okawaru
 68816 | Zot:5    | Entered Level 5 of the Realm of Zot
 68851 | Zot:5    | Received a gift from Okawaru
 69159 | Zot:5    | Reached skill level 13 in Staves
 69329 | Zot:5    | Received a gift from Okawaru
 69341 | Zot:5    | Upgraded the game from 0.24-a0-284-g9fb9971 to
                  | 0.24-a0-285-g3c078ff
 69456 | Zot:5    | Reached skill level 22 in Fighting
 69473 | Zot:5    | Noticed a Killer Klown
 69478 | Zot:5    | Noticed an orb of fire
 69485 | Zot:5    | Noticed a Killer Klown
 69492 | Zot:5    | Gained mutation: You occasionally shout uncontrollably at
                  | your foes. [an orb of fire]
 69494 | Zot:5    | Killed an orb of fire
 69497 | Zot:5    | Noticed a Killer Klown
 69512 | Zot:5    | Killed a Killer Klown
 69512 | Zot:5    | Received a gift from Okawaru
 69520 | Zot:5    | Killed a Killer Klown
 69526 | Zot:5    | Killed a Killer Klown
 69530 | Zot:5    | Identified the +0 chain mail of the Moon Troll {Dex+6}
                  | (Okawaru gifted it to you on level 5 of the Realm of Zot)
 69609 | Zot:5    | Noticed an ancient lich
 69611 | Zot:5    | Killed an ancient lich
 69611 | Zot:5    | Reached skill level 19 in Dodging
 69613 | Zot:5    | Noticed an orb of fire
 69613 | Zot:5    | Noticed an ancient lich
 69617 | Zot:5    | Gained mutation: Scrolls take you a little longer to read.
                  | [an orb of fire]
 69620 | Zot:5    | Noticed an orb of fire
 69621 | Zot:5    | Gained mutation: You sometimes yell uncontrollably at your
                  | foes. [an orb of fire]
 69624 | Zot:5    | Gained mutation: Your body sometimes deteriorates upon
                  | taking damage. [an orb of fire]
 69626 | Zot:5    | Killed an orb of fire
 69633 | Zot:5    | Killed an ancient lich
 69641 | Zot:5    | Killed an orb of fire
 69705 | Zot:5    | Noticed an ancient lich
 69714 | Zot:5    | Killed an ancient lich
 69805 | Zot:5    | Noticed an ancient lich
 69811 | Zot:5    | Killed an ancient lich
 69811 | Zot:5    | Reached skill level 11 in Translocations
 70121 | Zot:5    | Reached skill level 22 in Armour
 70147 | Zot:5    | Reached skill level 9 in Hexes
 70154 | Zot:5    | Noticed a Killer Klown
 70163 | Zot:5    | Received a gift from Okawaru
 70169 | Zot:5    | Identified the +3 hand crossbow "Puphur" {freeze, Str+6}
                  | (Okawaru gifted it to you on level 5 of the Realm of Zot)
 70171 | Zot:5    | Killed a Killer Klown
 70302 | Zot:5    | Reached skill level 27 in Crossbows
 70323 | Zot:5    | Received a gift from Okawaru
 70326 | Zot:5    | Reached skill level 14 in Staves
 70400 | Zot:5    | Noticed an ancient lich
 70404 | Zot:5    | Killed an ancient lich
 70404 | Zot:5    | Reached skill level 1 in Charms
 70404 | Zot:5    | Reached skill level 1 in Necromancy
 70502 | Zot:5    | Reached skill level 2 in Necromancy
 70509 | Zot:5    | Reached skill level 2 in Charms
 70525 | Zot:5    | Reached skill level 10 in Hexes
 70662 | Zot:5    | Lost mutation: Scrolls take you a little longer to read.
                  | [potion of mutation]
 70662 | Zot:5    | Lost mutation: You are clumsy. (Dex -2) [potion of
                  | mutation]
 70662 | Zot:5    | Lost mutation: Your body sometimes deteriorates upon taking
                  | damage. [potion of mutation]
 70662 | Zot:5    | Lost mutation: You sometimes yell uncontrollably at your
                  | foes. [potion of mutation]
 70662 | Zot:5    | Gained mutation: Your flesh is heat resistant. (rF+)
                  | [potion of mutation]
 70662 | Zot:5    | Gained mutation: You are agile. (Dex +2) [potion of
                  | mutation]
 70782 | Hell     | Entered the Vestibule of Hell
 70782 | Hell     | Noticed Geryon
 71022 | Hell     | Reached skill level 3 in Necromancy
 71030 | Hell     | Reached skill level 3 in Charms
 71042 | Hell     | Killed Geryon
 71240 | Hell     | Received a gift from Okawaru
 71245 | Hell     | Identified the +0 pair of gloves of a bazaar {rF+ SInv}
                  | (Okawaru gifted it to you in the Vestibule of Hell)
 71518 | Hell     | Reached skill level 4 in Charms
 71554 | Hell     | Reached skill level 4 in Necromancy
 71598 | Hell     | Reached skill level 12 in Translocations
 71663 | Hell     | Found a gateway to the decaying netherworld of Tartarus.
 71700 | Hell     | Noticed Murray
 71715 | Hell     | Killed Murray
 72130 | Hell     | Found a gateway to the ashen valley of Gehenna.
 72228 | Hell     | Found a gateway to the freezing wastes of Cocytus.
 72257 | Hell     | Found a gateway to the Iron City of Dis.
 72890 | Pan      | Entered Pandemonium
 72920 | Pan      | Reached skill level 5 in Charms
 72927 | Pan      | Reached skill level 5 in Necromancy
 73882 | Pan      | Entered the realm of Gloorx Vloq.
 74052 | Pan      | Received a gift from Okawaru
 74071 | Pan      | Reached skill level 23 in Fighting
 74154 | Pan      | Noticed Gloorx Vloq
 74165 | Pan      | Killed Gloorx Vloq
 74165 | Pan      | Reached skill level 11 in Hexes
 74165 | Pan      | Reached skill level 6 in Charms
 74165 | Pan      | Reached skill level 6 in Necromancy
 74190 | Pan      | Got a dark rune of Zot
 74302 | Pan      | Received a gift from Okawaru
 74477 | Pan      | Learned a level 5 spell: Aura of Abjuration
 74581 | Pan      | Entered the realm of Cerebov.
 74600 | Pan      | Received a gift from Okawaru
 74698 | Pan      | Reached skill level 1 in Summonings
 74816 | Pan      | Got a bound amber ring
 74817 | Pan      | Identified the ring of Ciyff {Ice Int+4} (You found it in
                  | Pandemonium)
 74935 | Pan      | Identified Arill's Catalogue of Attacks and Moulding
 75013 | Pan      | Identified the +6 sword of Cerebov {flame}
 75013 | Pan      | Noticed Cerebov
 75057 | Pan      | Gained mutation: Your spells are a little easier to cast,
                  | but a little less powerful. [a cacodemon]
 75060 | Pan      | Killed Cerebov
 75060 | Pan      | Reached skill level 2 in Summonings
 75060 | Pan      | Reached skill level 15 in Invocations
 75088 | Pan      | Identified Gul Emo's Volume of Confrontation
 75132 | Pan      | Reached skill level 7 in Charms
 75150 | Pan      | Got a fiery rune of Zot
 75285 | Pan      | Identified the cursed -6 pair of gloves of Duxtiagau {rC+
                  | Dex+6} (You found it in Pandemonium)
 75343 | Pan      | Reached skill level 7 in Necromancy
 75373 | Pan      | Received a gift from Okawaru
 75412 | Pan      | Identified the ring of Punoc {Wiz rElec Dex+3} (You found
                  | it in Pandemonium)
 75470 | Pan      | Reached skill level 3 in Summonings
 75594 | Pan      | Reached skill level 1 in Air Magic
 75599 | Pan      | Reached skill level 23 in Armour
 75618 | Pan      | Reached skill level 20 in Dodging
 75766 | Pan      | Reached skill level 12 in Hexes
 75780 | Pan      | Reached skill level 2 in Air Magic
 75912 | Pan      | Noticed Wuimior the pandemonium lord
 76283 | Pan      | Received a gift from Okawaru
 76288 | Pan      | Reached skill level 4 in Summonings
 76288 | Pan      | Reached skill level 3 in Air Magic
 76568 | Pan      | Entered the realm of Lom Lobon.
 76671 | Pan      | Reached skill level 8 in Charms
 76806 | Pan      | Reached skill level 4 in Air Magic
 76844 | Pan      | Reached skill level 8 in Necromancy
 77038 | Pan      | Reached skill level 5 in Summonings
 77260 | Pan      | Noticed Lom Lobon
 77294 | Pan      | Killed Lom Lobon
 77294 | Pan      | Reached skill level 5 in Air Magic
 77342 | Pan      | Got a magical rune of Zot
 77640 | Pan      | Noticed Ugekhlul the pandemonium lord
 77660 | Pan      | Reached skill level 6 in Summonings
 77663 | Pan      | Killed Ugekhlul the pandemonium lord
 77663 | Pan      | Reached skill level 6 in Air Magic
 77849 | Pan      | Received a gift from Okawaru
 77890 | Pan      | Reached skill level 9 in Charms
 77999 | Pan      | Gained mutation: Scrolls take you a little longer to read.
                  | [a neqoxec]
 78104 | Pan      | Reached skill level 7 in Air Magic
 78123 | Pan      | Received a gift from Okawaru
 78123 | Pan      | Reached skill level 7 in Summonings
 78159 | Pan      | Killed from afar by a Hell Sentinel

Levels and vault maps discovered:
D:1:      wheals_arrival_linesprint, layout_basic
D:2:      layout_basic, uniq_robin
D:3:      layout_basic, lemuel_round_altar, gammafunk_temple_overflow_statue,
          first_ration
D:4:      layout_loops_corners, nicolae_overflow_hidden_temple
D:5:      layout_loops_ring, minmay_temple_entry_antechambers, serial_shops,
          kennysheep_mini_moat
D:6:      layout_basic, marbit_many_paths, uniq_duvessa
D:7:      minmay_blocky_corners, layout_basic, uniq_pikel
D:8:      minmay_evil_eye, layout_layer_cave, grunt_qazlal_clouds
D:9:      layout_rooms, serial_shops, nicolae_shop_overgrown_old_shop
D:10:     layout_loops_ring, enter_bailey_7
D:11:     layout_basic, lair_entry_dummy, serial_shops,
          nicolae_shop_window_shopping, ebering_ghost_reflecting_pool,
          hangedman_ranch [blue_anna_fruit_fields], uniq_grum
D:12:     layout_basic, orc_david_3, serial_shops,
          nicolae_shop_temple_entry_statues_fountains
D:13:     layout_roguey
D:14:     layout_basic, grunt_vaults_entry_tiered, serial_park_tiny_1,
          hellmonk_ghost_happy_afterlife
D:15:     grunt_enter_depths_magical_seal, layout_basic, minivault_16,
          minmay_the_grid_square_5x5_3x3_mashed
          [minmay_the_grid_square_5x5_plus, minmay_the_grid_square_5x5_meh,
          minmay_the_grid_square_5x5_checkered_statues,
          minmay_the_grid_square_5x5_z,
          minmay_the_grid_square_5x5_megaprize_diamond,
          minmay_the_grid_square_5x5_fancy_junction,
          minmay_the_grid_square_5x5_shrine1,
          minmay_the_grid_square_5x5_checkered, minmay_the_grid_square_5x5_n]
Lair:1:   layout_loops_ring, cheibrodos_lair_lostbears
Lair:2:   layout_gridlike, minmay_hedge_maze, st_stairs_11
Lair:3:   layout_cave_pods, spider_nest_entry_web_field, grunt_megastairs_1,
          uniq_sonja, uniq_nergalle
Lair:4:   layout_roguey, palyth_hydra_swamp_entry
Lair:5:   layout_loops_ring, minmay_slime_entry_jelly_boxes
Lair:6:   minmay_lair_end_frog_pond, layout_long_grid,
          portal_ice_cave_entry_pillars_2, patterned_corridor, uniq_urug
Swamp:1:  layout_basic_swamp, evilmike_swamp_ruin_house_5, swamp_pool2,
          hangedman_swamp_wriggling
Swamp:2:  layout_basic_swamp, evilmike_swamp_ruin_house_3,
          infiniplex_staircase_pool
Swamp:3:  layout_basic_swamp, hangedman_swamp_pad, uniq_kirke
Swamp:4:  swamp_icy, layout_basic_swamp, uniq_nikola, uniq_donald,
          uniq_bai_suzhen
Spider:1: layout_spider_delve
Spider:2: layout_spider_delve, uniq_azrael
Spider:3: layout_chambers, hangedman_spider_mandibles
Spider:4: grunt_spider_rune_circles
Slime:1:  layout_caves, basic_altar
Slime:2:  cheibrodos_slime_lost_civilization_2, layout_caves
Slime:3:  layout_caves
Slime:4:  cheibrodos_slime_lost_civilization_10, layout_caves
Slime:5
Orc:1:    layout_diamond_mine, mines2_lemuel
Orc:2:    st_orc_rangers, layout_caves, special_room, mines3_lemuel
Elf:1:    eino_elf_arrival_the_gate, layout_loops_cross, minmay_elf_necromancy
Elf:2:    layout_geoelf_grid, serial_shops, nicolae_shop_waterfront, shop, shop,
          grunt_megastairs_2
Elf:3:    minmay_elf_hall_spiked, layout_loops_corners, amethyst_killhole,
          st_stairs_2
Vaults:1: nicolae_vaults_statue_guard, vaults_dpeg_encased_lava, v_misc_18,
          nicolae_vaults_little_squares_4, ontoclasm_vaults_loading_screen,
          hangedman_vaults_stagger, nicolae_vaults_what_the_h,
          vaults_mumra_hexcomb, hangedman_vaults_corner_blocks, v_misc_19,
          vaults_room_large_hall, hangedman_vaults_stretched_pinwheel,
          hangedman_vaults_maws, layout_vaults_omnicross
Vaults:2: hangedman_vaults_slither, vaults_standard_mumra_x, v_misc_23,
          v_misc_4, v_misc_14, vaults_mumra_hex, serial_ice_h, sword_in_stone,
          ontoclasm_vaults_loading_screen, nicolae_vaults_mini_display_case,
          layout_vaults_omnigrid, uniq_sojobo, uniq_mara
Vaults:3: vaults_room_pools, v_pattern_1, ontoclasm_vaults_pinch,
          vaults_room_fancy_cross, v_misc_14, hangedman_vaults_pinch, v_misc_26,
          nicolae_vaults_yaktaur_gun_rack, layout_vaults_chaotic_city,
          uniq_xtahua, uniq_margery, uniq_saint_roka
Vaults:4: st_diamondy, vaults_room_octagon, vaults_dpeg_hooks,
          ontoclasm_vaults_misaligned, v_misc_28,
          nicolae_vaults_disjoint_gnomons, v_misc_31, nicolae_vaults_alarming,
          hangedman_vaults_corner, v_rooms_2, v_misc_25, v_misc_25,
          grunt_vaults_bifocal, nicolae_vaults_little_squares_3,
          ontoclasm_vaults_gateway, layout_vaults_maze_bifur, mu_enter_wizlab_6,
          serial_shops, nicolae_shop_stone, uniq_aizul
Vaults:5
Crypt:1:  layout_gridlike, st_stairs_8, grunt_ministairs_12
Crypt:2:  layout_gridlike, lemuel_dead_fish_pool
Crypt:3:  lightli_unholy_cathedral, layout_chaotic_city, uniq_frederick
Depths:1: layout_cave_pools, grunt_pan_entry_sceptre, serial_bayou_pond_b,
          lightli_too_deep, kennysheep_doodads, st_stairs_9,
          minmay_misc_feat_columns, minmay_fountain_box, serial_bayou_lagoon_a,
          eino_tiny_chamber, firewood_loft
Depths:2: kennysheep_treasure_stockpile, layout_cave_pools, enter_ziggurat_a,
          abyss_entry, hangedman_coc_ice_floe, kennysheep_minor_cross,
          kennysheep_generic_room_4
Depths:3: grunt_double_whammy, layout_basic, hell_entry,
          small_statue_intersection, rand_demon_pan_entry_3, minmay_crystal_box,
          minmay_shoptagon, uniq_enchantress
Depths:4: kennysheep_demon_jail, layout_long_grid, minmay_room_of_horrors,
          lemuel_round_altar, hell_entry, grunt_megastairs_3,
          infiniplex_staircase_squiggle, uniq_boris
Depths:5: grunt_zot_entry_funnels, layout_gridlike, moated_statue,
          pf_hell_entry_great_geh
Hell
Zot:1:    nicolae_zot_stationary_front, layout_twisted_circle
Zot:2:    layout_misc_corridors, gammafunk_ghost_necromancy
Zot:3:    kennysheep_blocky_room, layout_misc_corridors
Zot:4:    layout_basic
Zot:5:    layout_basic
Abyss:2
Pan:      evilmike_mini_pan_pillars, layout_cross, nicolae_pan_sigil_nadil
Bailey:   bailey_axe_bossmonster_kennysheep, bailey
IceCv:    ice_cave_small_dragons
WizLab:   wizlab_iskenderun

Skill      XL: |  1  2  3  4  5  6  7  8  9 10 11 12 13 14 15 16 17 18 19 20 21 22 23 24 25 26 27 |
---------------+----------------------------------------------------------------------------------+-----
Fighting       | 3 4 5 6 7 8 10 11 12 13 14 15 16 17 18 19 23 | 23.8
Crossbows      | 5 6 7 8 10 11 12 13 14 15 16 17 18 19 20 21 22 23 27 | 27.0
Armour         | 1 2 4 6 7 9 10 11 12 13 14 15 16 17 18 19 23 | 23.5
Invocations    | 5 7 8 9 10 11 12 13 14 15 | 15.0
Shields        | 8 9 10 11 12 15 | 15.0
Dodging        | 4 5 7 8 9 10 11 12 13 14 15 20 | 20.4
Evocations     | 4 6 8 9 10 | 10.0
Translocations | 3 4 6 7 12 | 12.0
Staves         | 2 4 6 8 14 | 14.0
Hexes          | 12 | 12.0
Charms         | 9 |  9.5
Necromancy     | 8 |  8.0
Summonings     | 7 |  7.0
Air Magic      | 7 |  7.2
Stealth        | |  1.2

Action                   |  1- 3 |  4- 6 |  7- 9 | 10-12 | 13-15 | 16-18 | 19-21 | 22-24 | 25-27 || total
-------------------------+-------+-------+-------+-------+-------+-------+-------+-------+-------++-------
Melee: Short sword       |    23 |       |       |       |       |       |       |       |       ||    23
       Spear             |   114 |    99 |       |       |       |       |       |       |       ||   213
       Dagger            |       |    91 |   611 |   734 |   800 |    73 |    23 |       |       ||  2332
       Punch             |       |       |       |     3 |       |       |       |       |       ||     3
       Hand axe          |       |       |       |       |     4 |       |       |       |       ||     4
       Triple crossbow   |       |       |       |       |       |       |     2 |       |       ||     2
       Lajatang          |       |       |       |       |       |       |    13 |       |   305 ||   318
 Fire: Hand crossbow     |       |    33 |       |    59 |   159 |       |       |       |       ||   251
       Arbalest          |       |       |       |       |   474 |   689 |       |       |     5 ||  1168
       Triple crossbow   |       |       |       |       |       |   333 |  1140 |  1250 |  3630 ||  6353
Throw: Javelin           |       |       |       |     1 |       |       |       |       |       ||     1
       Tomahawk          |       |       |       |       |     3 |       |       |       |       ||     3
 Cast: Apportation       |       |       |       |       |       |       |       |       |    15 ||    15
       Portal Projectile |       |       |       |       |       |       |       |       |     2 ||     2
Invok: Heroism           |       |       |     1 |    14 |    18 |    21 |    23 |    22 |    41 ||   140
       Finesse           |       |       |       |       |       |       |     3 |     1 |    10 ||    14
 Abil: Shaft Self        |     1 |       |       |       |       |       |       |       |       ||     1
       Dig               |       |     3 |     4 |     5 |     6 |     2 |     4 |     4 |    39 ||    67
       Evoke Flight      |       |       |       |       |       |       |       |       |     1 ||     1
Evoke: Wand              |       |       |       |     6 |       |       |     1 |     2 |     5 ||    14
       Fan of gales      |       |       |       |       |       |       |       |       |     1 ||     1
  Use: Potion            |       |     3 |       |     3 |       |     1 |     1 |       |     6 ||    14
       Scroll            |       |     3 |     3 |     7 |    16 |     8 |     3 |    10 |    63 ||   113
 Stab: Sleeping          |     1 |     2 |       |       |       |       |       |       |     1 ||     4
  Eat: Chunk             |     4 |     8 |    13 |    20 |    31 |    30 |    23 |    25 |    32 ||   186
       Ration            |       |       |       |     1 |     1 |       |     3 |     1 |    15 ||    21
Armor: Leather armour    |    50 |    44 |       |       |       |       |       |       |       ||    94
       Plate armour      |       |    20 |   502 |   640 |     1 |       |       |       |       ||  1163
       Troll leather arm |       |       |       |     3 |       |       |       |       |       ||     3
       Crystal plate arm |       |       |       |       |   509 |   543 |   583 |   279 |    79 ||  1993
       Acid dragon scale |       |       |       |       |       |       |       |       |    50 ||    50
       Gold dragon scale |       |       |       |       |       |       |       |       |   618 ||   618
       Skin              |       |       |       |       |       |       |       |       |     9 ||     9
Dodge: Dodged            |    87 |   104 |   195 |   321 |   221 |   292 |   431 |   319 |  1065 ||  3035
Block: Shield            |       |       |       |   132 |   757 |   509 |   597 |   299 |       ||  2294
       Large shield      |       |       |       |       |       |       |       |   284 |  2620 ||  2904

Table legend:
 A = Non-vault XP
 B = Vault XP
 C = Vault XP percentage of total XP
 D = Non-vault monster count
 E = Vault monster count
 F = Vault count percentage of total count
                 A         B        C        D         E       F
            +---------+---------+-------+---------+---------+-------
      Total | 1223832 | 1089059 |  47.1 |    2021 |    1116 |  35.6
            +---------+---------+-------+---------+---------+-------
        D:1 |      47 |       0 |   0.0 |      26 |       0 |   0.0
        D:2 |     233 |      38 |  14.0 |      27 |      13 |  32.5
        D:3 |      76 |       0 |   0.0 |      19 |       0 |   0.0
        D:4 |     256 |       0 |   0.0 |      10 |       0 |   0.0
        D:5 |     393 |       0 |   0.0 |      15 |       0 |   0.0
        D:6 |     918 |     342 |  27.1 |      26 |       3 |  10.3
        D:7 |     952 |    2043 |  68.2 |      30 |       6 |  16.7
        D:8 |    1961 |      68 |   3.4 |      26 |       2 |   7.1
        D:9 |    2603 |       0 |   0.0 |      29 |       0 |   0.0
       D:10 |    4120 |      57 |   1.4 |      41 |       4 |   8.9
       D:11 |    3048 |    3543 |  53.8 |      23 |      12 |  34.3
       D:12 |    6117 |     770 |  11.2 |      27 |       6 |  18.2
       D:13 |    6597 |       0 |   0.0 |      31 |       0 |   0.0
       D:14 |    5319 |    7664 |  59.0 |      15 |      26 |  63.4
       D:15 |   24406 |   11881 |  32.7 |      42 |      26 |  38.2
     Lair:1 |    1666 |     883 |  34.6 |       7 |       3 |  30.0
     Lair:2 |     344 |     962 |  73.7 |       3 |       1 |  25.0
     Lair:3 |    2613 |    1901 |  42.1 |      11 |       5 |  31.2
     Lair:4 |    7972 |    2526 |  24.1 |      20 |       5 |  20.0
     Lair:5 |    7052 |     564 |   7.4 |      26 |      14 |  35.0
     Lair:6 |   10554 |   13540 |  56.2 |      28 |      49 |  63.6
    Swamp:1 |   15958 |    1467 |   8.4 |      40 |       6 |  13.0
    Swamp:2 |   18428 |       0 |   0.0 |      38 |       0 |   0.0
    Swamp:3 |   12847 |    8342 |  39.4 |      31 |       5 |  13.9
    Swamp:4 |   13201 |   13859 |  51.2 |      24 |      32 |  57.1
   Spider:1 |   34148 |     486 |   1.4 |      87 |       3 |   3.3
   Spider:2 |    7969 |    1451 |  15.4 |      20 |       2 |   9.1
   Spider:3 |   17177 |       0 |   0.0 |      51 |       0 |   0.0
   Spider:4 |   11428 |   23040 |  66.8 |      31 |      34 |  52.3
    Slime:1 |    7045 |       0 |   0.0 |      13 |       0 |   0.0
    Slime:2 |    1354 |       0 |   0.0 |       5 |       0 |   0.0
    Slime:3 |     795 |       0 |   0.0 |       3 |       0 |   0.0
    Slime:4 |    3741 |    5007 |  57.2 |       9 |       2 |  18.2
    Slime:5 |    9856 |   28750 |  74.5 |       7 |      12 |  63.2
      Orc:1 |    2048 |       0 |   0.0 |      13 |       0 |   0.0
      Orc:2 |    3624 |    5579 |  60.6 |      38 |      37 |  49.3
      Elf:1 |   15180 |    4920 |  24.5 |      20 |      14 |  41.2
      Elf:2 |   20883 |   23977 |  53.4 |      34 |      31 |  47.7
      Elf:3 |   21748 |   49947 |  69.7 |      42 |      35 |  45.5
   Vaults:1 |   36898 |   23544 |  39.0 |      69 |      36 |  34.3
   Vaults:2 |   26966 |   36687 |  57.6 |      45 |      21 |  31.8
   Vaults:3 |    9184 |   26614 |  74.3 |      24 |      35 |  59.3
   Vaults:4 |   39985 |   43876 |  52.3 |      60 |      56 |  48.3
   Vaults:5 |   37362 |  101490 |  73.1 |      55 |      75 |  57.7
    Crypt:1 |   26671 |    2494 |   8.6 |      37 |       4 |   9.8
    Crypt:2 |   43301 |    5744 |  11.7 |      46 |      16 |  25.8
    Crypt:3 |   41319 |   46987 |  53.2 |      53 |      35 |  39.8
   Depths:1 |   37274 |    9638 |  20.5 |      43 |      11 |  20.4
   Depths:2 |   33631 |   31230 |  48.1 |      50 |      24 |  32.4
   Depths:3 |   40995 |   38799 |  48.6 |      55 |      36 |  39.6
   Depths:4 |   33214 |   33733 |  50.4 |      32 |      52 |  61.9
   Depths:5 |   55881 |   29132 |  34.3 |      58 |      20 |  25.6
       Hell |   26565 |   46001 |  63.4 |      35 |      59 |  62.8
      Zot:1 |   62576 |   10619 |  14.5 |      34 |       8 |  19.0
      Zot:2 |   29582 |    9356 |  24.0 |      16 |      12 |  42.9
      Zot:3 |   42448 |   16151 |  27.6 |      27 |       8 |  22.9
      Zot:4 |   28124 |       0 |   0.0 |      19 |       0 |   0.0
      Zot:5 |   79908 |  162090 |  67.0 |      51 |      41 |  44.6
    Abyss:2 |   22432 |       0 |   0.0 |      34 |       0 |   0.0
        Pan |  164839 |  161027 |  49.4 |     190 |      99 |  34.3
     Bailey |       0 |    2536 | 100.0 |       0 |      21 | 100.0
      IceCv |       0 |    5397 | 100.0 |       0 |      20 | 100.0
     WizLab |       0 |   32307 | 100.0 |       0 |      39 | 100.0
            +---------+---------+-------+---------+---------+-------
